 Dungeon Crawl Stone Soup version 0.21.1-1-g345015f (webtiles) character file.

413 Fang the Chopper (level 6, -5/58 HPs)
             Began as a Gargoyle Berserker on May 25, 2018.
             Was a Priest of Trog.
             Slain by Duvessa
             ... wielding a +0 short sword
              (15 damage)
             ... on level 2 of the Dungeon.
             The game lasted 00:04:03 (4062 turns).

Fang the Chopper (Gargoyle Berserker)               Turns: 4062, Time: 00:04:04

Health: -5/58      AC:  6    Str: 28    XL:     6   Next: 91%
Magic:  6/6        EV: 12    Int:  7    God:    Trog [***...]
Gold:   219        SH:  0    Dex:  9    Spells: 5/5 levels left

rFire    . . .     SeeInvis .   a - +0 hand axe
rCold    . . .     Gourm    .   (no shield)
rNeg     + . .     Faith    .   b - +0 animal skin
rPois    ∞         Spirit   .   (no helmet)
rElec    +         Reflect  .   (no cloak)
rCorr    .         Harm     .   (no gloves)
MR       .....                  (no boots)
Stlth    ..........             (no amulet)
HPRegen  0.19/turn              (no ring)
MPRegen  0.10/turn              (no ring)

@: berserking, very quick
A: negative energy resistance 1, electricity resistance, unbreathing,
petrification resistance, rot immunity, AC +4
a: Berserk, Trog's Hand, Burn Spellbooks, Renounce Religion


You were on level 2 of the Dungeon.
You worshipped Trog.
Trog was most pleased with you.
You were hungry.

You visited 1 branch of the dungeon, and saw 4 of its levels.

You collected 219 gold pieces.

Inventory:

Hand Weapons
 a - a +0 hand axe (weapon)
Armour
 b - a +0 animal skin (worn)
Jewellery
 l - an uncursed ring of ice {unknown}
Scrolls
 e - a scroll of fear {unknown}
 f - 6 scrolls of identify {unknown}
 h - 3 scrolls of random uselessness {unknown}
 i - 2 scrolls of teleportation {unknown}
 m - 2 scrolls of amnesia {unknown}
 o - 2 scrolls of enchant armour {unknown}
Potions
 d - a potion of ambrosia {unknown}
 g - 3 potions of might {unknown}
 j - a potion of resistance {unknown}
 k - a potion of flight {unknown}
Comestibles
 c - 10 rations
 n - a chunk of flesh


   Skills:
 + Level 4.4 Fighting
 + Level 5.7 Axes
 + Level 2.2 Armour
 + Level 2.7 Dodging
 + Level 1.1 Stealth


You had 5 spell levels left.
You didn't know any spells.

Dungeon Overview and Level Annotations

Branches:
Dungeon (4/15)
 Temple: D:4-7

Altars:
Ashenzari
Nemelex Xobeh
Ru

Annotations:
D:2 Duvessa


Innate Abilities, Weirdness & Mutations

You are resistant to torment.
Your stone body is resilient. (AC +4)
You are immune to poison.
You resist negative energy. (rN+)
You are resistant to electric shocks. (rElec)
You can survive without breathing.
You are immune to petrification.
You are immune to rotting.


Message History

You are too injured to fight recklessly!
Unknown command.
You hit Duvessa.
Duvessa is heavily wounded.
Duvessa hits you with a short sword!
* * * LOW HITPOINT WARNING * * *
You hit Duvessa.
Duvessa is heavily wounded.
Duvessa closely misses you.
You barely miss Duvessa.
Duvessa is heavily wounded.
Duvessa closely misses you.
You hit Duvessa.
Duvessa is severely wounded.
Duvessa hits you with a short sword!
* * * LOW HITPOINT WARNING * * *
You hit Duvessa.
Duvessa is severely wounded.
Duvessa hits you with a short sword!
You die...

#.#.......###### #
##.#########....#
#####..# #........#
......## #........#
#...########........#
###.................#
.###########........#
..# #.....)...# #.#
#.....@e..# #.#
#.######### #.### #.#
#...# #.# ###.# ###.#
###.#####...#
..........###
##.....#### #.....#


You could see Duvessa (berserk).

Vanquished Creatures
  A scorpion (D:3)
  Dowan (D:2)
  A crimson imp (D:4)
  An orc priest (D:3)
  2 orc wizards (D:3)
  Jessica (D:3)
  4 gnolls
  4 adders
  2 worms
  2 leopard geckos (D:1)
  4 orcs (D:3)
  5 ball pythons
  8 bats
  A bat skeleton (D:2)
  7 giant cockroaches
  7 goblins
  13 hobgoblins
  2 jackals (D:3)
  9 kobolds
  2 quokkas
  2 frilled lizards (D:1)
  5 rats
84 creatures vanquished.

Vanquished Creatures (others)
  A giant cockroach (D:4)
1 creature vanquished.

Grand Total: 85 creatures vanquished

Notes
Turn   | Place    | Note
-------+----------+-------------------------------------------
     0 | D:1      | Fang the Gargoyle Berserker began the quest for the Orb.
     0 | D:1      | Reached XP level 1. HP: 14/14 MP: 1/1
    53 | D:1      | Reached skill level 3 in Axes
    53 | D:1      | Reached XP level 2. HP: 9/19 MP: 2/2
   357 | D:1      | Reached XP level 3. HP: 23/24 MP: 3/3
  1123 | D:2      | Reached ** piety under Trog
  1123 | D:2      | Reached XP level 4. HP: 23/29 MP: 4/4
  1131 | D:2      | Reached skill level 4 in Axes
  1138 | D:2      | Found a shattered altar of Ashenzari.
  1159 | D:2      | HP: 1/29 [hobgoblin/long sword (1)]
  1636 | D:2      | Found a sparkling altar of Nemelex Xobeh.
  1969 | D:3      | Noticed Jessica
  1979 | D:3      | Killed Jessica
  1979 | D:3      | Reached XP level 5. HP: 28/33 MP: 5/5
  2289 | D:3      | Found a sacrificial altar of Ru.
  2906 | D:3      | Reached *** piety under Trog
  2906 | D:3      | Reached skill level 5 in Axes
  2906 | D:3      | Reached XP level 6. HP: 38/38 MP: 6/6
  3273 | D:4      | Noticed Duvessa
  3289 | D:3      | Reached skill level 1 in Stealth
  3427 | D:4      | Noticed Dowan
  4057 | D:2      | Killed Dowan
  4062 | D:2      | Slain by Duvessa

Skill      XL: |  1  2  3  4  5  6 |
---------------+-------------------+-----
Axes           | 3 4 5 |  5.7
Dodging        | 2 |  2.7
Fighting       | 4 |  4.4
Stealth        | 1 |  1.1
Armour         | |  2.2

Action                   |  1- 3 |  4- 6 || total
-------------------------+-------+-------++-------
Melee: Hand axe          |   102 |   246 ||   348
Invok: Berserk           |     2 |     3 ||     5
 Stab: Sleeping          |       |     1 ||     1
  Eat: Chunk             |     2 |     9 ||    11
       Ration            |       |     1 ||     1
Armor: Animal skin       |    25 |    80 ||   105
Dodge: Dodged            |    70 |   165 ||   235
